 Dungeon Crawl Stone Soup version 0.29-a0-504-gec6baf379c (webtiles) character file.

Game seed: 15413366923090184883

1178 Colgate the Skirmisher (level 8, -9/52 HPs)
             Began as a Kobold Brigand on May 28, 2022.
             Was a Priest of Wu Jian.
             Mangled by Pikel
             ... wielding a +1 whip of freezing
              (13 damage)
             ... on level 6 of the Dungeon.
             The game lasted 00:24:05 (6996 turns).

Colgate the Skirmisher (Kobold Brigand)             Turns: 6996, Time: 00:24:06

Health: -9/52      AC:  3    Str:  8    XL:     8   Next: 69%
Magic:  0/17       EV: 16    Int: 13    God:    Wu Jian [***...]
Gold:   339        SH:  0    Dex: 18    Spells: 5/7 levels left

rFire   . . .      SeeInvis .   b - +2 short sword (vamp)
rCold   + . .      Faith    .   (no shield)
rNeg    . . .      Spirit   .   i - +0 robe
rPois   .          Reflect  .   (no helmet)
rElec   .          Harm     .   c - +0 cloak
rCorr   .          Rampage  .   (no gloves)
Will    .....                   (no boots)
Stlth   ++++......              (no amulet)
HPRegen 0.17/turn               m - ring of protection from cold
MPRegen 0.15/turn               y - ring of magical power

@: very slightly contaminated
A: small, no large weapons, nightstalker 3
a: Renounce Religion, Wall Jump, Serpent's Lash


You were on level 6 of the Dungeon.
You worshipped Wu Jian.
Wu Jian was most pleased with you.
You visited 2 branches of the dungeon, and saw 7 of its levels.
You also visited: Sewer.

You collected 339 gold pieces.

Inventory:

Hand Weapons
 a - a +1 dagger of venom
 b - a +2 vampiric short sword (weapon)
 k - a +2 dagger
 n - a +0 rapier
 r - a +1 short sword of venom
Missiles
 d - 11 poisoned darts
 e - 4 curare-tipped darts
 A - 2 boomerangs of dispersal
 B - 4 boomerangs
Armour
 c - a +0 cloak (worn)
 i - a +0 robe (worn)
Jewellery
 l - a ring of resist corrosion
 m - a ring of protection from cold (left hand)
 y - a ring of magical power (right hand)
Wands
 u - a wand of paralysis (10)
Scrolls
 f - 3 scrolls of fog
 h - a scroll of fear {unknown}
 j - 6 scrolls of teleportation {@r3}
 o - a scroll of blinking {@r4}
 p - a scroll of enchant armour {unknown}
 q - a scroll of torment
 v - 3 scrolls of vulnerability
 C - a scroll of immolation {unknown}
Potions
 g - 6 potions of heal wounds {@q2}
 s - a potion of flight
 t - a potion of curing {@q1}
 w - a potion of invisibility {unknown}
 x - a potion of lignification {unknown}
 D - a potion of mutation {unknown}


   Skills:
 - Level 6.6 Fighting
 - Level 6.2 Short Blades
 - Level 2.1 Throwing
 - Level 3.7 Dodging
 + Level 6.2 Stealth
 - Level 2.1 Hexes
 - Level 2.1 Ice Magic
 - Level 4.5 Evocations


You had 5 spell levels left.
You knew the following spells:

 Your Spells              Type           Power      Damage    Failure   Level
a - Ensorcelled Hibernat  Hex/Ice        10%        N/A       21%         2

Your spell library contained the following spells:

 Spells                   Type           Power      Damage    Failure   Level
 Passwall                 Tmut/Erth      0%         N/A       43%         2
 Swiftness                Air            0%         N/A       67%         3
 Blade Hands              Tmut           0%         N/A       100%        5
 Irradiate                Conj/Tmut      0%         3d13      100%        5
 Dragon Form              Tmut           0%         N/A       100%        7


Dungeon Overview and Level Annotations

Branches:
Dungeon (6/15)             Temple (1/1) D:5           Sewer (visited)

Altars:
Ashenzari
Dithmenos
Elyvilon
Fedhas
Gozag
Hepliaklqana
Kikubaaqudgha
Makhleb
Okawaru
Ru
Trog
Uskayaw
Vehumet
Wu Jian
Xom
Zin
The Shining One

Annotations:
D:6 Pikel


Innate Abilities, Weirdness & Mutations

You are small and have problems with some larger weapons.
You are completely attuned to the shadows.


Message History

* * * LOW HITPOINT WARNING * * *
You hit Pikel but do no damage. You hit Pikel but do no damage.
Pikel closely misses you.
You closely miss Pikel. Pikel closely misses you.
You hit Pikel.
A lemure comes into view.
Pikel misses you.
You hit Pikel. Your punch misses Pikel. Pikel barely misses you.
You hit Pikel. You hit Pikel. Pikel waves his whip at you. Pikel misses you.
Casting: Ensorcelled Hibernation (safe; 21% risk of failure)
Aiming: Ensorcelled Hibernation (safe; 21% risk of failure)
Aim: Pikel, wielding a +1 whip of freezing and wearing a +0 robe (moderately wounded, chance to affect: 38%)
You miscast Ensorcelled Hibernation.
Nothing appears to happen.
Pikel hits you with a +1 whip of freezing.
* * * LOW HITPOINT WARNING * * *
You hit Pikel.
You feel better. Pikel barely misses you.
You hit Pikel but do no damage. Pikel misses you.
You hit Pikel. Pikel barely misses you.
You hit Pikel.
You feel better.
You hit Pikel but do no damage.
Pikel hits you with a +1 whip of freezing.
* * * LOW HITPOINT WARNING * * *
Pikel freezes you.
* * * LOW HITPOINT WARNING * * *
You hit Pikel but do no damage.
Pikel cracks his whip.
Pikel misses you.
You hit Pikel.
Pikel hits you with a +1 whip of freezing.
* * * LOW HITPOINT WARNING * * *
Casting: Ensorcelled Hibernation (safe; 21% risk of failure)
Aiming: Ensorcelled Hibernation (safe; 21% risk of failure)
Aim: Pikel, wielding a +1 whip of freezing and wearing a +0 robe (heavily wounded, chance to affect: 38%) Pikel easily resists.
Pikel closely misses you.
You hit Pikel.
You feel better.
Pikel hits you with a +1 whip of freezing!
You die...

###.######o##
#.#..... ..
..#.#..... .
#.#.......
#.#.#.....
##.#.#.#+#.
#.......5#
####.#.#K#
#.#.#@#
#.#.#.#
#.#.#.#
#.#.#.# #.#


You could see Pikel and a lemure.

Vanquished Creatures
  2 orc warriors
  A black bear (D:5)
  2 ogres (D:5)
  A centaur (D:6)
  2 lemures (D:6)
  A kobold brigand (Sewer)
  A necrophage (D:5)
  A scorpion (D:4)
  2 howler monkeys
  A hound (D:5)
  2 orc priests
  4 iguanas
  An orc wizard (D:5)
  Ijyb (D:4)
  2 adders
  An ufetubus (D:5)
  2 worms
  A dart slug (D:4)
  18 orcs
  8 ball pythons
  6 endoplasms
  2 giant cockroaches (D:4)
  5 goblins
  9 hobgoblins
  7 jackals
  2 quokkas
  5 bats
  6 frilled lizards
  10 kobolds
  7 rats
113 creatures vanquished.

Vanquished Creatures (others)
  4 plants (D:4)
4 creatures vanquished.

Grand Total: 117 creatures vanquished

Notes
Turn   | Place    | Note
-------+----------+-------------------------------------------
     0 | D:1      | Colgate the Kobold Brigand began the quest for the Orb.
     0 | D:1      | Reached XP level 1. HP: 12/12 MP: 1/1
   108 | D:1      | Found a faded altar of an unknown god.
   114 | D:1      | Prayed at the altar of an unknown god.
   114 | D:1      | Became a worshipper of the Wu Jian Council
   114 | D:1      | Reached * piety under Wu Jian
   208 | D:1      | Reached XP level 2. HP: 17/17 MP: 2/2
   332 | D:1      | Reached XP level 3. HP: 22/22 MP: 3/3
   599 | D:1      | Reached ** piety under Wu Jian
   914 | D:2      | Reached XP level 4. HP: 9/28 MP: 4/4
  2300 | D:3      | Found a shadowy altar of Dithmenos.
  2576 | D:4      | Found a glowing drain.
  2586 | Sewer    | Entered a sewer
  2652 | Sewer    | Noticed a kobold brigand
  2670 | Sewer    | Killed a kobold brigand
  2671 | Sewer    | Reached XP level 5. HP: 20/33 MP: 5/5
  2816 | Sewer    | Found a white marble altar of Elyvilon.
  3040 | D:4      | Noticed Ijyb
  3042 | D:4      | Killed Ijyb
  3106 | D:4      | Reached XP level 6. HP: 39/39 MP: 6/6
  3238 | D:4      | Reached skill level 5 in Fighting
  3250 | D:4      | Found an ornate altar of the Wu Jian Council.
  3250 | D:4      | Found a glowing silver altar of Zin.
  3250 | D:4      | Found a hazy altar of Hepliaklqana.
  3643 | D:4      | Noticed an orc warrior
  3879 | D:4      | Learned a level 2 spell: Ensorcelled Hibernation
  4939 | D:4      | Killed an orc warrior
  4940 | D:4      | Reached XP level 7. HP: 47/47 MP: 4/7
  5133 | D:4      | Found an ornate altar of the Wu Jian Council.
  5133 | D:4      | Found a glowing silver altar of Zin.
  5133 | D:4      | Found a hazy altar of Hepliaklqana.
  5178 | D:5      | Entered Level 5 of the Dungeon
  5660 | D:5      | Found a staircase to the Ecumenical Temple.
  5672 | D:5      | Reached *** piety under Wu Jian
  5673 | D:5      | Reached skill level 1 in Evocations
  5779 | D:5      | Reached XP level 8. HP: 34/52 MP: 8/8
  5960 | D:5      | Reached skill level 5 in Short Blades
  6438 | Temple   | Entered the Ecumenical Temple
  6963 | D:6      | Noticed Pikel
  6996 | D:6      | Mangled by Pikel

Illustrated notes

Levels and vault maps discovered:
D:1:      dpeg_arrival_concentric_ovals, layout_loops_ring,
          basic_ecumenical_altar
D:2:      layout_loops_cross, chequers_garden
D:3:      layout_basic, mainiacjoe_overflow_paths
D:4:      minmay_opposing_rooms, layout_loops_ring,
          gammafunk_temple_overflow_claw, serial_forest,
          infiniplex_forest_clump_medium, infiniplex_forest_straight_3,
          infiniplex_forest_clump_small, infiniplex_forest_lined_corner,
          cheibrodos_sewer_entry_bend, uniq_ijyb
D:5:      layout_loops_ring, temple_pool_b
D:6:      layout_basic, grunt_ministairs_14, uniq_menkaure, uniq_edmund,
          uniq_pikel, uniq_maggie
Temple:   nicolae_temple_figure_eight

Skill      XL: |  1  2  3  4  5  6  7  8 |
---------------+-------------------------+-----
Short Blades   | 3 4 6 |  6.2
Fighting       | 3 4 6 |  6.6
Dodging        | 3 |  3.7
Hexes          | 2 |  2.1
Ice Magic      | 2 |  2.1
Evocations     | 3 4 |  4.5
Stealth        | 6 |  6.2
Throwing       | |  2.1

Action                   |  1- 3 |  4- 6 |  7- 9 || total
-------------------------+-------+-------+-------++-------
Melee: Dagger            |    63 |    74 |    47 ||   184
       Punch             |     1 |     1 |     3 ||     5
       Short sword       |       |    33 |    49 ||    82
Throw: Boomerang         |       |       |     1 ||     1
 Cast: Ensorcelled Hiber |       |     2 |    18 ||    20
Invok: Lunge             |    14 |    17 |    13 ||    44
       Whirlwind         |    14 |    10 |     2 ||    26
 Abil: Wall Jump         |       |    16 |     1 ||    17
  Use: Scroll            |     1 |     4 |     3 ||     8
       Potion            |       |     1 |       ||     1
 Stab: Sleeping          |    20 |    18 |    17 ||    55
       Distracted        |       |     4 |       ||     4
Armor: Robe              |     5 |     8 |    10 ||    23
Dodge: Dodged            |    22 |    56 |    60 ||   138

Table legend: (Time is in decaauts)
 A = Elapsed time spent in this place.
 B = Non-inter-level travel time spent in this place.
 C = Inter-level travel time spent in this place.
 D = Time resting spent in this place.
 E = Time spent auto-exploring this place.
 F = Levels seen in this place.
 G = Mean time per level.
                   A        B        C        D        E       F      G
               +--------+--------+--------+--------+--------+-----+--------+
         Total |   7012 |   6721 |    291 |    336 |   5418 |   8 |  876.5 |
       Dungeon |   6370 |   6091 |    279 |    236 |   4964 |   6 | 1061.7 |
        Temple |    330 |    318 |     12 |    100 |    204 |   1 |  330.0 |
         Sewer |    311 |    311 |      0 |      0 |    250 |   1 |  311.0 |
               +--------+--------+--------+--------+--------+-----+--------+

Top non-repeatable levels by time:
     D:4: 2137 daAuts
     D:5: 1364 daAuts
     D:3: 1049 daAuts
     D:2: 929 daAuts
     D:1: 779 daAuts
  Temple: 330 daAuts
   Sewer: 311 daAuts
     D:6: 110 daAuts
